 Seeded DCSS version 0.25-a0-194-gece1257 (webtiles) character file.

Game seed: 7601585466115172924, levelgen mode: deterministic

1632859 sleepydude the Impregnable (level 26, 258/258 HPs)
             Began as a Minotaur Fighter on Dec 1, 2019.
             Was an Initiate of Gozag.
             Escaped with the Orb
             ... and 3 runes!
             The game lasted 03:02:27 (73795 turns).

sleepydude the Impregnable (Minotaur Fighter)      Turns: 73795, Time: 03:02:28

Health: 258/258    AC: 51    Str: 31    XL:     26   Next: 75%
Magic:  22/22      EV: 24    Int: 11    God:    Gozag
Gold:   188        SH: 40    Dex: 21    Spells: 25/25 levels left

rFire    + + +     SeeInvis .   A - +11 demon whip "Earthworm" {flame, Str+6 Int+5}
rCold    + + .     Gourm    .   W - +8 large shield {reflect}
rNeg     + + +     Faith    .   R - +6 crystal plate armour of the Land of Plenty {rElec rN+ Int+4}
rPois    +         Spirit   .   r - +2 hat {Int+3}
rElec    +         Reflect  +   c - +2 cloak {MR+}
rCorr    .         Harm     .   S - +2 pair of gloves {Dex+3}
MR       +++..                  i - +1 pair of boots of Too Many Cooks {*Drain rC- rN+++ Int+2 Slay+5}
Stlth    ..........             L - +4 amulet of reflection
HPRegen  0.53/turn              T - +3 ring of slaying
MPRegen  0.18/turn              I - ring of Keameani {rElec rF+++ rC+++ MR+ Int-4}

@: studying Throwing
A: retaliatory headbutt, horns 2, icy blue scales 1, dopey 2, poison resistance,
screaming 1, inhibited regeneration
0: Orb of Zot
}: 3/15 runes: decaying, silver, gossamer
a: Potion Petition, Call Merchant, Bribe Branch, Renounce Religion


You escaped.
You worshipped Gozag.
Gozag was aware of your devotion.
You were full.

You visited 8 branches of the dungeon, and saw 46 of its levels.
You visited the Abyss 1 time.
You also visited: Gauntlet.

You collected 27092 gold pieces.
You spent 10563 gold pieces at shops.
You paid 16341 gold pieces to Gozag.

Inventory:

Hand Weapons
 q - a +9 vampiric broad axe
 A - the +11 demon whip "Earthworm" (weapon) {flame, Str+6 Int+5}
   (You found it on level 1 of the Depths)

   It has been specially enchanted to burn those struck by it, causing extra
   injury to most foes and up to half again as much damage against particularly
   susceptible opponents.
   It affects your strength (+6).
   It affects your intelligence (+5).
 P - a +9 demon whip of slashing
Armour
 c - a +2 cloak of magic resistance (worn)
 i - the +1 pair of boots of Too Many Cooks (worn) {*Drain rC- rN+++ Int+2 Slay+5}
   (You acquired it on level 2 of the Realm of Zot)

   It affects your intelligence (+2).
   It affects your accuracy and damage with ranged weapons and melee attacks
   (+5).
   It makes you vulnerable to cold.
   It renders you almost immune to negative energy.
   It causes draining when unequipped.
 r - a +2 hat of intelligence (worn)
 N - a +2 pair of boots
 R - the +6 crystal plate armour of the Land of Plenty (worn) {rElec rN+ Int+4}
   (You bought it in a shop on level 2 of the Vaults)

   It affects your intelligence (+4).
   It insulates you from electricity.
   It protects you from negative energy.
 S - a +2 pair of gloves of dexterity (worn)
 W - a +8 large shield of reflection (worn)
Jewellery
 k - the ring "Omnorub" {rF+ MR+ Str+4}
   (You took it off a vault sentinel on level 5 of the Vaults)

   [ring of strength]

   It affects your strength (+4).
   It protects you from fire.
   It affects your resistance to hostile enchantments.
 u - an uncursed ring of poison resistance
 I - the ring of Keameani (right hand) {rElec rF+++ rC+++ MR+ Int-4}
   (You bought it in a shop on level 9 of the Dungeon)

   [ring of protection from magic]

   It affects your intelligence (-4).
   It renders you almost immune to fire.
   It renders you almost immune to cold.
   It insulates you from electricity.
   It affects your resistance to hostile enchantments.
 K - an uncursed ring of see invisible
 L - a +4 amulet of reflection (around neck)
 T - a +3 ring of slaying (left hand)
 U - an uncursed ring of resist corrosion
 Z - an uncursed ring of flight
Wands
 d - a wand of polymorph (8)
 z - a wand of acid (5)
 Y - a wand of digging (6)
Scrolls
 a - 3 scrolls of summoning
 h - 14 scrolls of teleportation
 j - 21 scrolls of remove curse {@r2}
 l - a scroll of magic mapping
 p - 15 scrolls of identify {@r1}
 s - 7 scrolls of blinking
 w - 9 scrolls of fog
 x - 5 scrolls of silence
 C - 5 scrolls of fear
 G - a scroll of enchant armour
 H - 5 scrolls of amnesia
 O - 3 scrolls of holy word
 V - a scroll of brand weapon
Potions
 b - 2 potions of berserk rage
 e - 6 potions of invisibility
 g - 3 potions of haste
 m - 10 potions of curing {@q1}
 n - 3 potions of heal wounds
 o - 6 potions of cancellation
 t - 6 potions of mutation
 v - a potion of might
 D - 7 potions of agility
 F - 3 potions of resistance
 J - 4 potions of magic
 M - 3 potions of flight
Books
 y - a manual of Throwing
Comestibles
 f - 29 rations


   Skills:
 + Level 25.2 Fighting
 * Level 17.4(19.0) Axes
 - Level 13.6(17.2) Maces & Flails
 + Level 25.2 Armour
 + Level 23.3 Dodging
 + Level 25.1 Shields


You had 25 spell levels left.
You didn't know any spells.
Your spell library contained the following spells:

 Spells                   Type           Power        Failure   Level  Hunger
 Beastly Appendage        Tmut           #.....       90%         1    ##.....
 Corona                   Hex            #......      90%         1    ##.....
 Flame Tongue             Conj/Fire      #....        90%         1    ##.....
 Infusion                 Chrm           #...         90%         1    ##.....
 Shock                    Conj/Air       #...         90%         1    ##.....
 Sting                    Conj/Pois      #...         90%         1    ##.....
 Summon Butterflies       Summ           #.......     90%         1    ##.....
 Summon Small Mammal      Summ           #...         90%         1    ##.....
 Call Imp                 Summ           #.......     97%         2    ###....
 Ensorcelled Hibernation  Hex/Ice        #.....       97%         2    ###....
 Poisonous Vapours        Pois/Air       #.....       97%         2    ###....
 Shroud of Golubria       Chrm/Tloc      #.....       97%         2    ###....
 Song of Slaying          Chrm           #.......     97%         2    ###....
 Sticks to Snakes         Tmut           #.......     97%         2    ###....
 Sublimation of Blood     Necr           #.........   97%         2    ###....
 Swiftness                Chrm/Air       #.......     97%         2    ###....
 Throw Flame              Conj/Fire      #.....       97%         2    ###....
 Call Canine Familiar     Summ           #.......     99%         3    ####...
 Confuse                  Hex            #.......     99%         3    ####...
 Conjure Flame            Conj/Fire      #.......     99%         3    ####...
 Dazzling Spray           Conj/Hex       #.....       99%         3    ####...
 Ignite Poison            Fire/Tmut/Pois #.......     99%         3    ####...
 Inner Flame              Hex/Fire       #.......     99%         3    ####...
 Mephitic Cloud           Conj/Pois/Air  #.......     99%         3    ####...
 Recall                   Summ/Tloc      N/A          99%         3    ####...
 Regeneration             Chrm/Necr      #.........   99%         3    ####...
 Spectral Weapon          Hex/Chrm       #.......     99%         3    ####...
 Spider Form              Tmut/Pois      #.........   99%         3    ####...
 Static Discharge         Conj/Air       #.......     99%         3    ####...
 Summon Guardian Golem    Hex/Summ       #.......     99%         3    ####...
 Tukima's Dance           Hex            #.......     99%         3    ####...
 Airstrike                Air            #.........   100%        4    #####..
 Animate Dead             Necr           N/A          100%        4    #####..
 Cause Fear               Hex            #.........   100%        4    #####..
 Ice Form                 Ice/Tmut       #.......     100%        4    #####..
 Olgreb's Toxic Radiance  Pois           #.......     100%        4    #####..
 Petrify                  Tmut/Erth      #.......     100%        4    #####..
 Sticky Flame             Conj/Fire      #.......     100%        4    #####..
 Summon Ice Beast         Ice/Summ       #.......     100%        4    #####..
 Summon Lightning Spire   Summ/Air       #.......     100%        4    #####..
 Alistair's Intoxication  Tmut/Pois      #.......     100%        5    ######.
 Blade Hands              Tmut           #.........   100%        5    ######.
 Borgnjor's Vile Clutch   Necr/Erth      #.........   100%        5    ######.
 Fireball                 Conj/Fire      #.........   100%        5    ######.
 Irradiate                Conj/Tmut      #.........   100%        5    ######.
 Lightning Bolt           Conj/Air       #.........   100%        5    ######.
 Silence                  Hex/Air        #.........   100%        5    ######.
 Summon Mana Viper        Hex/Summ       #.......     100%        5    ######.
 Venom Bolt               Conj/Pois      #.........   100%        5    ######.
 Yara's Violent Unravell  Hex/Tmut       #.........   100%        5    ######.
 Conjure Ball Lightning   Conj/Air       #.........   100%        6    #######
 Death Channel            Necr           #.........   100%        6    #######
 Deflect Missiles         Chrm/Air       #.........   100%        6    #######
 Simulacrum               Ice/Necr       #.........   100%        6    #######
 Haunt                    Necr/Summ      #.........   100%        7    #######
 Summon Hydra             Summ           #.........   100%        7    #######
 Borgnjor's Revivificati  Necr           #.........   100%        8    #######
 Death's Door             Chrm/Necr      #.........   100%        8    #######
 Discord                  Hex            #.........   100%        8    #######
 Ignition                 Fire           #.........   100%        8    #######
 Infestation              Necr           #.........   100%        8    #######
 Necromutation            Tmut/Necr      #.........   100%        8    #######
 Shatter                  Erth           #.........   100%        9    #######
 Tornado                  Air            #.........   100%        9    #######


Dungeon Overview and Level Annotations

Branches:
Dungeon (15/15)            Temple (0/1) D:7            Lair (6/6) D:8
  Swamp (4/4) Lair:3       Spider (4/4) Lair:4        Slime (0/5) Lair:5
    Orc (2/2) D:12            Elf (0/3) Orc:2        Vaults (5/5) D:13
  Crypt (0/3) Vaults:2     Depths (5/5) D:15            Zot (5/5) Depths:5
Gauntlet (visited)

Altars:
Ashenzari
Elyvilon
Gozag
Kikubaaqudgha
Qazlal
Ru
Uskayaw
Xom
Yredelemnul
Beogh
Jiyva
Lugonu

Shops:
D:9 [[}=   D:10 ?   D:11 *?   D:12 (   Orc:2 (*}}?   Lair:6 ?(   Swamp:2 =
Swamp:3 [   Vaults:2 [   Vaults:5 (   Depths:4 *?

Portals:
Hell: Depths:1 Depths:2 Depths:3 Depths:4 Depths:5
Abyss: Depths:1 Depths:4
Pandemonium: Depths:1 Depths:2 Depths:3
Ziggurat: Depths:4


Innate Abilities, Weirdness & Mutations

You reflexively headbutt those who attack you in melee.
You have a pair of horns on your head.
You are partially covered in icy blue scales. (AC +2)
You are very dopey. (Int -4)
Your system is resistant to poisons. (rPois)
You occasionally shout uncontrollably at your foes.
You do not regenerate when monsters are visible.


Message History

You block the ice devil's attack.
You thrash the ice devil!! You burn the ice devil.
You kill the ice devil!
No target in view!
No target in view!
No target in view!
No target in view!
No target in view!
No target in view!
No target in view!
(D) Dungeon (T) Temple (L) Lair (S) Swamp (N) Spider Nest (M) Slime Pits (O) Orcish Mines (E) Elven Halls (V) Vaults (C) Crypt (U) Depths (H) Hell (Z) Zot
Where to? (Enter - D:1 @ (x,y), ? - help) Unknown command.
You enter the shallow water.
Moving in this stuff is going to be slow.
There is a staircase leading out of the dungeon here.
You have escaped!

#≈PP##.#
#...#.....
#.##P≈≈#
###.###.#)
#.##≈PP# #.#
#.#.
#...PP≈#####.#
#.#.
#.#####≈P≈...#
#.#. #.#
#≈≈P##.# #.#.
#.### #PPP##.#
#.#. #...#
#.##P≈P# #.#.
#.@.###.##≈PP#
#.#.
#.........≈P≈#
#.#.
##############
#... ####


There were no monsters in sight!

Vanquished Creatures
  6 ancient liches
  4 orbs of fire
  Mennas (Depths:4)
  A juggernaut (Depths:3)
  Sojobo (Vaults:2)
  4 Killer Klowns (Zot:5)
  Margery (Vaults:2)
  2 caustic shrikes (Depths:4)
  Nikola (Swamp:3)
  A profane servitor (D:13)
  10 golden dragons
  A bone dragon (Depths:5)
  Arachne (Spider:4)
  3 electric golems
  5 liches
  12 Orb Guardians
  The ghost of Ywkaeguawa the Brawler, an adept CeAr of Okawaru (Vaults:4)
  A Hell Sentinel (Zot:1)
  11 tentacled monstrosities
  An Ice Fiend (D:15)
  3 titans
  4 quicksilver dragons
  4 sphinxes
  7 death cobs
  A tentacled starspawn (Abyss:5)
  Agnes (Spider:4)
  9 shadow dragons
  Kirke (D:12)
  The ghost of frimble the Severer, an adept MiGl of Okawaru (Spider:2)
  4 thorn hunters
  15 storm dragons
  2 draconian monks
  10 tengu reavers
  12 fire giants
  A deep elf sorcerer (Vaults:4)
  A draconian scorcher (Zot:5)
  11 frost giants
  18 vault wardens
  3 emperor scorpions
  2 balrugs
  Louise (Depths:4)
  2 iron dragons
  5 ghost moths
  Aizul (Depths:3)
  2 deep elf elementalists
  5 draconian knights
  2 orc warlords
  21 ironheart preservers
  The ghost of asterious the Severer, a journeyman MiBe of Trog (Lair:6)
  10 spriggan defenders
  3 draconian annihilators
  2 entropy weavers (Spider:3)
  3 draconian stormcallers
  8 draconian shifters
  25 stone giants
  The ghost of SkeletonJelly the Fighter, a journeyman HuWn of Uskayaw (Lair:6)
  3 war gargoyles
  An angel (Zot:2)
  22 very ugly things
  4 vampire knights
  The ghost of Wuag the Grappler, a journeyman TrEE of Cheibriados (Lair:6)
  12 black draconians
  7 green draconians
  A deep elf annihilator (Vaults:5)
  3 yellow draconians
  A minotaur (Gauntlet)
  7 spark wasps
  9 white draconians
  A blizzard demon (Zot:1)
  The ghost of Foss the Spear-Bearer, a journeyman MfGl of Hepliaklqana (Lair:3)
  13 purple draconians
  11 red draconians
  17 ettins
  2 green deaths (Swamp:4)
  A crystal guardian (Vaults:4)
  2 deep elf death magi
  6 fire dragons
  5 yaktaur captains
  9 great orbs of eyes
  Josephine (Spider:1)
  3 jiangshi (Depths:3)
  A deep elf high priest (Vaults:4)
  21 ogre magi
  33 vault guards
  24 hydras
  14 ice dragons
  2 hell beasts
  Harold (Orc:1)
  The ghost of wampuh the Blocker, a journeyman GnFi of Cheibriados (D:10)
  2 rakshasas
  5 spriggan air magi
  2 anacondas (shapeshifter)
  3 ghost crabs
  45 two-headed ogres
  A satyr (shapeshifter) (Vaults:4)
  4 death knights
  6 alligators
  8 centaur warriors
  5 tengu warriors
  2 shambling mangroves
  A vampire mage (Depths:3)
  10 deep troll shamans
  A two-headed ogre (shapeshifter) (Vaults:4)
  3 orc high priests (Orc:2)
  6 spriggan berserkers
  10 deep troll earth magi
  2 thrashing horrors
  2 sun demons (Depths:5)
  5 deep elf knights
  A soul eater (Depths:4)
  5 skeletal warriors (D:11)
  A sixfirhy (Abyss:5)
  16 hell knights
  26 deep trolls
  2 spriggan druids
  2 infernal demonspawn
  2 shadow wraiths
  4 iron trolls
  3 flayed ghosts
  An unseen horror (shapeshifter) (D:12)
  13 swamp dragons
  A salamander mystic (Depths:1)
  An unseen horror (D:15)
  4 glowing orange brains
  A torturous demonspawn (Depths:2)
  4 deep elf archers
  A harpy (Vaults:5)
  7 wizards
  6 necromancers
  21 orc knights
  12 orb spiders
  2 fire giant zombies (Vaults:3)
  5 phantasmal warriors
  10 deep elf magi
  14 ironbrand convokers
  45 ugly things
  A manticore (D:15)
  10 orc sorcerers
  2 salamanders (Depths:1)
  38 wolf spiders
  24 moths of wrath
  4 oklob plants (Lair:1)
  A shining eye (shapeshifter) (Vaults:4)
  4 elephants (Lair:3)
  4 cyclopes
  10 black mambas
  A sphinx skeleton (Vaults:3)
  A guardian serpent (Lair:6)
  10 vault sentinels
  A rust devil (D:3)
  Maurice (Orc:2)
  2 smoke demons
  4 centaur skeletons
  25 spiny frogs
  2 gargoyles
  2 torpor snails
  3 orange demons
  A rime drake (Lair:1)
  5 freezing wraiths
  2 spiny frogs (shapeshifter)
  45 yaktaurs
  2 rime drakes (shapeshifter)
  5 efreet
  2 kobold demonologists (D:15)
  7 komodo dragons
  10 demonic crawlers
  2 ice devils
  A hellwing (Depths:1)
  An ancient zyme (Abyss:5)
  A tengu conjurer (Depths:1)
  18 jumping spiders
  6 meliai
  3 trolls
  6 tyrant leeches
  29 hornets
  10 polar bears (Lair:6)
  46 slime creatures
  A slime creature (shapeshifter) (Depths:4)
  24 blink frogs
  8 bog bodies
  8 dream sheep (Lair:5)
  A hippogriff (shapeshifter) (Vaults:4)
  3 large abominations (Gauntlet)
  3 raiju (Lair:6)
  A human simulacrum (Vaults:1)
  68 redbacks
  6 hippogriffs
  3 centaur simulacra (Gauntlet)
  11 spriggans
  2 ynoxinuls
  2 spriggans (shapeshifter)
  5 shadows
  22 yaks
  31 tarantellas
  A basilisk (shapeshifter) (Depths:1)
  7 fire bats
  5 wraiths
  17 wyverns
  2 humans (shapeshifter)
  3 water elementals
  5 small abominations (Gauntlet)
  Eustachio (D:5)
  2 basilisks
  3 hogs
  A human (D:10)
  2 steam dragons (D:12)
  A neqoxec (Depths:2)
  10 vampire mosquitoes
  Menkaure (D:6)
  A swamp worm (shapeshifter) (Depths:1)
  A soldier ant (shapeshifter) (Vaults:4)
  5 insubstantial wisps
  2 soldier ants
  12 wargs
  18 swamp worms
  A floating eye (Depths:3)
  15 water moccasins
  An acid dragon (D:12)
  15 hell hounds
  13 porcupines
  5 swamp drakes
  An eye of draining (D:12)
  4 ice beasts
  46 orc warriors
  A sky beast (D:8)
  A necrophage (D:12)
  3 ettin simulacra (Depths:2)
  12 black bears
  4 phantoms
  A human zombie (Vaults:3)
  55 ogres
  12 boggarts
  12 centaurs
  25 wolves
  7 crocodiles
  2 big kobolds
  2 gnoll sergeants
  A water moccasin zombie (D:5)
  9 bullfrogs
  A human skeleton (Vaults:3)
  A spiny frog simulacrum (Gauntlet)
  A glowing shapeshifter simulacrum (Vaults:2)
  5 scorpions
  A water moccasin skeleton (D:4)
  25 killer bees
  11 wights
  3 electric eels
  8 crimson imps
  A quasit (D:14)
  8 hounds
  5 jellies
  Crazy Yiuf (D:7)
  2 bullfrog skeletons
  4 centaur zombies
  20 orc priests
  2 iguanas
  Ijyb (D:3)
  22 orc wizards
  14 worker ants
  5 hell rats (Lair:6)
  2 killer bee zombies
  A bullfrog simulacrum (Gauntlet)
  A hound zombie (D:9)
  A hound skeleton (D:7)
  A howler monkey skeleton (D:8)
  9 adders
  7 gnolls
  3 shadow imps
  2 white imps (Gauntlet)
  An ooze (D:7)
  A worm (D:2)
  6 leopard geckos
  104 orcs
  2 ball pythons
  5 giant cockroaches
  3 goblins
  7 hobgoblins
  4 jackals
  5 quokkas
  4 bats
  2 frilled lizards
  10 kobolds
  A quokka skeleton (D:6)
  3 rats
  2 fungi (D:8)
  2 plants
2072 creatures vanquished.

Vanquished Creatures (collateral kills)
  A quicksilver dragon (Zot:5)
  7 Orb Guardians (Zot:5)
  A shadow dragon (Zot:5)
  2 draconian monks (Zot:5)
  A green draconian (Zot:5)
  A red draconian (Zot:5)
  A snapping turtle (Zot:5)
14 creatures vanquished.

Vanquished Creatures (others)
  2 orbs of fire (Zot:5)
  3 Killer Klowns (Zot:5)
  A caustic shrike (Zot:5)
  2 golden dragons (Zot:5)
  A tentacled monstrosity (Depths:4)
  4 Orb Guardians (Zot:5)
  A quicksilver dragon (Zot:4)
  2 draconian knights
  A draconian scorcher (Zot:5)
  A draconian shifter (Zot:5)
  A vault warden (Vaults:1)
  A draconian stormcaller (Zot:5)
  A stone giant (Depths:2)
  2 green draconians
  A yellow draconian (Zot:5)
  A lorocyproca (Zot:5)
  A white draconian (Zot:5)
  A red draconian (Zot:5)
  A purple draconian (Zot:5)
  12 yaktaur captains
  2 centaur warriors
  An ogre mage (Vaults:1)
  A dancing weapon (Vaults:4)
  A deep elf archer (Vaults:5)
  A deep troll (Vaults:1)
  A swamp dragon (Swamp:4)
  A manticore (D:12)
  4 cyclopes
  A deep elf mage (Vaults:4)
  2 moths of wrath (Zot:5)
  An ugly thing (Swamp:4)
  A vault sentinel (Vaults:5)
  18 yaktaurs
  A tyrant leech (Swamp:4)
  2 redbacks
  A shadow (Swamp:4)
  A tarantella (Spider:4)
  An orc warrior (Orc:1)
  An ogre (Depths:2)
  4 boggarts
  A human (D:6)
  2 centaurs
  2 orc priests (Orc:2)
  4 orcs
  14 demonic plants (Gauntlet)
  19 fungi
  29 plants
  5 withered plants
162 creatures vanquished.

Grand Total: 2248 creatures vanquished

Notes
Turn   | Place    | Note
-------+----------+-------------------------------------------
     0 | D:1      | sleepydude the Minotaur Fighter began the quest for the
                  | Orb.
     0 | D:1      | Reached XP level 1. HP: 19/19 MP: 0/0
   262 | D:1      | Reached XP level 2. HP: 27/27 MP: 1/1
  1164 | D:2      | Reached XP level 3. HP: 30/33 MP: 2/2
  1388 | D:3      | Reached skill level 1 in Dodging
  1388 | D:3      | Reached XP level 4. HP: 41/41 MP: 3/3
  1731 | D:3      | Noticed Ijyb
  1735 | D:3      | Killed Ijyb
  1735 | D:3      | Reached XP level 5. HP: 44/47 MP: 4/4
  2087 | D:4      | Reached skill level 5 in Armour
  2087 | D:4      | Reached skill level 5 in Shields
  2089 | D:4      | Reached XP level 6. HP: 35/55 MP: 5/5
  2310 | D:4      | Reached skill level 5 in Fighting
  2576 | D:4      | Found a sacrificial altar of Ru.
  2645 | D:4      | Reached XP level 7. HP: 56/61 MP: 6/6
  2684 | D:5      | Entered Level 5 of the Dungeon
  2895 | D:5      | Found an opulent altar of Gozag.
  2900 | D:5      | Became a worshipper of Gozag Ym Sagoz the Greedy
  3276 | D:5      | Found a white marble altar of Elyvilon.
  3277 | D:5      | Found a shattered altar of Ashenzari.
  3326 | D:5      | Reached skill level 5 in Maces & Flails
  3466 | D:5      | Noticed Eustachio
  3708 | D:5      | Killed Eustachio
  3708 | D:5      | Reached XP level 8. HP: 40/70 MP: 7/7
  4204 | D:6      | Found an ancient bone altar of Kikubaaqudgha.
  4235 | D:6      | Noticed Menkaure
  4378 | D:6      | Killed Menkaure
  4382 | D:6      | Found a stormy altar of Qazlal.
  4855 | D:7      | Found a staircase to the Ecumenical Temple.
  4897 | D:7      | Reached skill level 5 in Dodging
  5421 | D:7      | Reached XP level 9. HP: 79/79 MP: 8/8
  5443 | D:7      | Found a runed translucent door.
  5444 | D:7      | Noticed Crazy Yiuf
  5980 | D:7      | Killed Crazy Yiuf
  7313 | D:8      | Found a staircase to the Lair.
  7961 | D:9      | Found Xabaemmu's Antique Armour Shoppe.
  8052 | D:9      | Found Keaklaed's Jewellery Emporium.
  8104 | D:9      | Reached XP level 10. HP: 82/90 MP: 7/9
  8202 | D:9      | Found Qohi's Gadget Emporium.
  8217 | D:9      | Found Xedukk's Antique Armour Shop.
  8808 | Lair:1   | Entered Level 1 of the Lair of Beasts
  9509 | Lair:1   | Noticed a spiny frog
  9521 | Lair:1   | Killed a spiny frog
 10121 | D:10     | Entered Level 10 of the Dungeon
 10154 | D:10     | Found Akubig's Magic Scroll Emporium.
 10536 | D:10     | Noticed a gargoyle
 10552 | D:10     | Killed a gargoyle
 10862 | D:10     | Reached skill level 10 in Armour
 10862 | D:10     | Reached XP level 11. HP: 93/99 MP: 10/10
 10914 | D:10     | Reached skill level 10 in Shields
 11043 | D:9      | Found a hide-covered altar of Uskayaw.
 11076 | D:9      | Bought the ring of Keameani {rElec rF+++ rC+++ MR+ Int-4}
                  | for 1506 gold pieces
 11119 | D:10     | Reached skill level 10 in Fighting
 11171 | D:10     | Noticed a flayed ghost
 11173 | D:10     | Found a runed translucent gate.
 11174 | D:10     | Found a runed translucent gate.
 11174 | D:10     | Found a runed translucent gate.
 11174 | D:10     | Noticed wampuh's ghost (journeyman GnFi)
 11684 | D:11     | Noticed a cyan ugly thing
 11707 | D:11     | Killed a cyan ugly thing
 11707 | D:11     | Reached skill level 1 in Axes
 12480 | Lair:1   | Noticed an oklob plant
 14195 | Lair:3   | Found a staircase to the Swamp.
 15130 | Lair:3   | Reached XP level 12. HP: 71/110 MP: 9/11
 15131 | Lair:3   | Reached skill level 5 in Axes
 15528 | Lair:3   | Found a runed translucent door.
 15530 | Lair:3   | Noticed Foss's ghost (journeyman MfGl)
 15562 | Lair:3   | Noticed an eight-headed hydra
 15575 | Lair:3   | Killed an eight-headed hydra
 16347 | Lair:4   | Reached skill level 10 in Dodging
 16358 | Lair:4   | Found a hole to the Spider Nest.
 17114 | Lair:5   | Reached skill level 10 in Maces & Flails
 17338 | Lair:5   | Found a viscous altar of Jiyva.
 17338 | Lair:5   | Found a staircase to the Slime Pits.
 18272 | Lair:6   | Entered Level 6 of the Lair of Beasts
 18857 | Lair:6   | Reached XP level 13. HP: 109/118 MP: 12/12
 19294 | Lair:6   | Paralysed by a hornet for 2 turns
 21164 | Lair:6   | Bought a transparent mace for 296 gold pieces
 21164 | Lair:6   | Bought an ancient broad axe for 333 gold pieces
 21164 | Lair:6   | Identified the +9 mace of Ustauss {protect, MP+9 Str+4}
                  | (You bought it in a shop on level 6 of the Lair of Beasts)
 21165 | Lair:6   | Identified the +2 broad axe of Ohip {freeze, Str+4} (You
                  | bought it in a shop on level 6 of the Lair of Beasts)
 21501 | Lair:6   | Found a runed translucent gate.
 21501 | Lair:6   | Found a runed translucent gate.
 21501 | Lair:6   | Found a runed translucent gate.
 21505 | Lair:6   | Noticed SkeletonJelly's ghost (journeyman HuWn)
 21505 | Lair:6   | Noticed Wuag's ghost (journeyman TrEE)
 21505 | Lair:6   | Noticed asterious's ghost (journeyman MiBe)
 22326 | D:11     | Found Cunusa's Magic Scroll Shoppe.
 22336 | D:11     | Bought a scroll of magic mapping for 42 gold pieces
 22403 | D:11     | Reached XP level 14. HP: 129/129 MP: 13/13
 22685 | D:11     | Found a basalt altar of Yredelemnul.
 23180 | D:11     | Found Betafut's Serpentskin Sales.
 23189 | D:11     | Bought an uncursed ring of poison resistance for 320 gold
                  | pieces
 23562 | D:12     | Found a gate leading to a gauntlet.
 23585 | Gauntlet | Entered a Gauntlet
 23585 | Gauntlet | Found a transporter.
 23585 | Gauntlet | Found a transporter.
 23594 | Gauntlet | Found a transporter.
 23610 | Gauntlet | Found a transporter.
 23627 | Gauntlet | Found a transporter.
 23640 | Gauntlet | Found a transporter.
 23658 | Gauntlet | Found a transporter.
 23746 | Gauntlet | Found a transporter.
 23752 | Gauntlet | Found a transporter.
 23769 | Gauntlet | Found a transporter.
 23782 | Gauntlet | Found a transporter.
 23803 | Gauntlet | Found a transporter.
 23877 | Gauntlet | Found a transporter.
 23996 | Gauntlet | Found a transporter.
 24306 | D:12     | Got a fine leather armour
 24307 | D:12     | Identified the +3 leather armour "Lezyl" {rF+ rCorr Dex-4}
                  | (You found it on level 12 of the Dungeon)
 24824 | D:12     | Found a staircase to the Orcish Mines.
 24847 | D:12     | Found a roughly hewn altar of Beogh.
 25109 | D:12     | Noticed Kirke
 25127 | D:12     | Killed Kirke
 25139 | D:12     | Found Vulaifetz's Weapon Emporium.
 25310 | Orc:1    | Entered Level 1 of the Orcish Mines
 25788 | Orc:2    | Entered Level 2 of the Orcish Mines
 25887 | Orc:2    | Noticed Maurice
 25920 | Orc:2    | Noticed an orc warlord
 25946 | Orc:2    | Killed an orc warlord
 26116 | Orc:2    | Killed Maurice
 26177 | Orc:2    | Found a staircase to the Elven Halls.
 26352 | Orc:2    | Found Naop's Gadget Emporium.
 26479 | Orc:2    | Found Desaejia's Magic Scroll Shop.
 26646 | Orc:1    | Noticed Harold
 27234 | Orc:2    | Reached XP level 15. HP: 138/138 MP: 14/14
 27267 | Orc:2    | Found Qoima's Gadget Shoppe.
 27271 | Orc:2    | Bought a scroll of blinking for 97 gold pieces
 27271 | Orc:2    | Bought a scroll of enchant armour for 97 gold pieces
 27271 | Orc:2    | Bought a scroll of teleportation for 39 gold pieces
 27271 | Orc:2    | Bought a scroll of magic mapping for 45 gold pieces
 27273 | Orc:2    | Found Hyqariw's General Store.
 27275 | Orc:2    | Found Lapy's Weapon Shop.
 27378 | Orc:1    | Killed Harold
 27882 | Swamp:1  | Entered Level 1 of the Swamp
 27961 | Swamp:1  | Noticed a thorn hunter
 28033 | Lair:3   | Killed a thorn hunter
 28442 | Swamp:1  | Noticed a thorn hunter
 28494 | Swamp:1  | Killed a thorn hunter
 28810 | Swamp:1  | Noticed a thorn hunter
 28820 | Swamp:1  | Killed a thorn hunter
 29799 | Swamp:2  | Reached skill level 15 in Armour
 29904 | Swamp:2  | Reached skill level 15 in Fighting
 29904 | Swamp:2  | Reached skill level 15 in Shields
 30595 | Swamp:3  | Lost intelligence.
 32069 | Swamp:3  | Reached XP level 16. HP: 149/149 MP: 15/15
 32179 | Swamp:4  | Entered Level 4 of the Swamp
 32581 | Swamp:4  | Noticed Nikola
 32650 | Swamp:4  | HP: 7/150 [Nikola/chain lightning (10)]
 32939 | Swamp:3  | Bought a jasper-encrusted plate armour for 784 gold pieces
 32939 | Swamp:3  | Identified the +0 plate armour of Distant Worlds {rC+
                  | Stlth+} (You bought it in a shop on level 3 of the Swamp)
 32941 | Swamp:3  | Bought an embroidered cloak for 210 gold pieces
 32941 | Swamp:3  | Bought a runed plate armour for 728 gold pieces
 33019 | Swamp:4  | Noticed a thorn hunter
 33030 | Swamp:4  | Killed a thorn hunter
 33385 | Swamp:4  | Noticed a tentacled monstrosity
 33579 | Swamp:4  | Killed a tentacled monstrosity
 33592 | Swamp:3  | Killed Nikola
 34443 | Swamp:4  | Got a decaying rune of Zot
 35007 | Spider:1 | Entered Level 1 of the Spider Nest
 35436 | Spider:1 | Noticed Josephine
 35448 | Spider:1 | Killed Josephine
 35637 | Spider:2 | Reached skill level 15 in Dodging
 36072 | Spider:2 | Found a transporter.
 36084 | Spider:2 | Noticed frimble's ghost (adept MiGl)
 36085 | Spider:2 | Found a transporter.
 36137 | Spider:2 | Killed frimble's ghost
 36137 | Spider:2 | HP: 1/152 [disintegration (42)]
 36147 | Spider:2 | Reached XP level 17. HP: 37/160 MP: 16/16
 36168 | Spider:2 | Got a pair of scorched gloves
 36173 | Spider:2 | Identified the +0 pair of gloves of Coronation {*Drain rC+
                  | MR+ Stlth+} (You found it on level 2 of the Spider Nest)
 37699 | Spider:4 | Entered Level 4 of the Spider Nest
 38805 | Spider:4 | Noticed Arachne
 38956 | Spider:4 | Killed Arachne
 39286 | Spider:3 | Lost intelligence.
 40247 | Spider:4 | Noticed Agnes
 40287 | Spider:4 | Killed Agnes
 41334 | Spider:4 | Got a gossamer rune of Zot
 41598 | Lair:3   | Killed Foss's ghost
 42157 | Lair:6   | Killed asterious's ghost
 42190 | Lair:6   | Killed SkeletonJelly's ghost
 42219 | Lair:6   | Killed Wuag's ghost
 42619 | D:10     | Killed wampuh's ghost
 42835 | D:12     | Reached XP level 18. HP: 56/171 MP: 17/17
 43367 | D:12     | Identified 4 scrolls of acquirement
 43413 | D:12     | Got a transparent hat
 43414 | D:12     | Identified the +1 hat of Good Intentions {*Corrode rN+
                  | Dex+3 Slay+3} (You acquired it on level 12 of the Dungeon)
 43420 | D:12     | Got a faintly humming hat
 43421 | D:12     | Identified the +2 hat of Abstinence {*Drain MP-9 Dex+6}
                  | (You acquired it on level 12 of the Dungeon)
 44271 | D:13     | Found a gate to the Vaults.
 44730 | Vaults:1 | Entered Level 1 of the Vaults
 45035 | Vaults:1 | Got a brightly glowing morningstar
 45036 | Vaults:1 | Identified the +9 morningstar of the Forgotten Songs
                  | {flame, +Blink Dex+3} (You found it on level 1 of the
                  | Vaults)
 46168 | Vaults:1 | Reached XP level 19. HP: 181/181 MP: 18/18
 46682 | Vaults:2 | Noticed Margery
 46697 | Vaults:2 | Killed Margery
 46803 | Vaults:2 | Noticed Sojobo
 46852 | Vaults:2 | Killed Sojobo
 47851 | Vaults:2 | Found a staircase to the Crypt.
 48513 | Vaults:2 | Bought a bloodstained crystal plate armour for 2805 gold
                  | pieces
 48513 | Vaults:2 | Identified the +6 crystal plate armour of the Land of
                  | Plenty {rElec rN+ Int+4} (You bought it in a shop on level
                  | 2 of the Vaults)
 48973 | Vaults:2 | Got an ichor-stained broad axe
 48975 | Vaults:2 | Identified the +8 broad axe "Keclergh" {chop, Int+5} (You
                  | found it on level 2 of the Vaults)
 49351 | D:11     | Bought a scroll of identify for 24 gold pieces
 49351 | D:11     | Bought a scroll of identify for 24 gold pieces
 49423 | D:10     | Bought a scroll of fog for 22 gold pieces
 49423 | D:10     | Bought a scroll of blinking for 82 gold pieces
 49423 | D:10     | Bought a scroll of identify for 22 gold pieces
 49423 | D:10     | Bought a scroll of identify for 22 gold pieces
 49589 | Orc:2    | Bought a scroll of magic mapping for 45 gold pieces
 49589 | Orc:2    | Bought a scroll of identify for 26 gold pieces
 49589 | Orc:2    | Bought a scroll of identify for 26 gold pieces
 49589 | Orc:2    | Bought a scroll of identify for 26 gold pieces
 49589 | Orc:2    | Bought a scroll of identify for 26 gold pieces
 49599 | Orc:2    | Bought a scroll of magic mapping for 59 gold pieces
 49599 | Orc:2    | Bought a scroll of identify for 34 gold pieces
 49966 | Lair:6   | Bought a scroll of identify for 38 gold pieces
 49966 | Lair:6   | Bought a scroll of enchant weapon for 142 gold pieces
 50657 | Vaults:3 | Reached XP level 20. HP: 192/192 MP: 19/19
 51808 | Vaults:4 | Found Viozxahoreff's Jewellery Boutique.
 52104 | Vaults:4 | Noticed an ancient lich
 52143 | Vaults:4 | Killed an ancient lich
 52447 | Vaults:4 | Found a runed translucent door.
 53054 | Vaults:4 | Noticed Ywkaeguawa's ghost (adept CeAr)
 53193 | Vaults:4 | Killed Ywkaeguawa's ghost
 53285 | Vaults:5 | Entered Level 5 of the Vaults
 53692 | Vaults:5 | Reached XP level 21. HP: 198/202 MP: 20/20
 53755 | Vaults:5 | Identified the ring "Omnorub" {rF+ MR+ Str+4}
 53770 | Vaults:5 | Noticed a golden dragon
 53773 | Vaults:5 | Noticed a golden dragon
 53781 | Vaults:5 | Killed a golden dragon
 53796 | Vaults:5 | Killed a golden dragon
 53818 | Vaults:5 | Noticed an ancient lich
 53828 | Vaults:5 | Noticed a golden dragon
 53828 | Vaults:5 | an alligator snapping turtle changed into a golden dragon
 53947 | Vaults:5 | Paralysed by a floating eye for 3 turns
 53948 | Vaults:5 | a golden dragon changed into an iron dragon
 54272 | Vaults:5 | Noticed a golden dragon
 54272 | Vaults:5 | a shadow dragon changed into a golden dragon
 54274 | Vaults:5 | a golden dragon changed into an iron giant
 55292 | Vaults:4 | Killed an ancient lich
 55927 | Vaults:5 | Noticed an ancient lich
 56118 | Vaults:4 | Killed an ancient lich
 57210 | Vaults:5 | Noticed a golden dragon
 57264 | Vaults:5 | Identified the cursed +1 whip "Nori" {flame, rC++ Int+3}
 57270 | Vaults:4 | Killed a golden dragon
 57399 | Vaults:5 | Reached XP level 22. HP: 211/213 MP: 21/21
 57420 | Vaults:5 | Bought a ration for 50 gold pieces
 57420 | Vaults:5 | Bought a ration for 50 gold pieces
 57420 | Vaults:5 | Bought a ration for 50 gold pieces
 57420 | Vaults:5 | Bought a ration for 50 gold pieces
 57420 | Vaults:5 | Bought a ration for 50 gold pieces
 57420 | Vaults:5 | Bought a ration for 50 gold pieces
 57420 | Vaults:5 | Bought a ration for 50 gold pieces
 57420 | Vaults:5 | Bought a ration for 50 gold pieces
 57420 | Vaults:5 | Bought a ration for 50 gold pieces
 57420 | Vaults:5 | Bought a ration for 50 gold pieces
 57420 | Vaults:5 | Bought a ration for 50 gold pieces
 57420 | Vaults:5 | Bought a ration for 50 gold pieces
 57420 | Vaults:5 | Bought a ration for 50 gold pieces
 57919 | Vaults:5 | Got a silver rune of Zot
 58174 | Vaults:5 | Got a sparkling marble ring
 58185 | Vaults:5 | Identified the cursed ring "Ficepeq" {*Slow rPois rF+++
                  | Slay-3 Stlth+} (You found it on level 5 of the Vaults)
 58217 | Vaults:5 | Found the +4 dagger "Morg" {pain, MR+ Int+5}
 58902 | D:15     | Entered Level 15 of the Dungeon
 58925 | D:15     | Found a staircase to the Depths.
 59970 | Depths:1 | Entered Level 1 of the Depths
 60262 | Depths:1 | Found a shimmering altar of Xom.
 60483 | Depths:1 | You fall into a shaft and drop 1 floor!
 60548 | Depths:2 | Gained mutation: Armour fits poorly on your strangely
                  | shaped body. [a neqoxec]
 61232 | Depths:1 | Found a gateway to Hell.
 61254 | Depths:1 | Got a smoking demon whip
 61258 | Depths:1 | Identified the +11 demon whip "Earthworm" {flame, Str+6
                  | Int+5} (You found it on level 1 of the Depths)
 61363 | Depths:1 | Found a one-way gate leading to the halls of Pandemonium.
 61444 | Depths:1 | Found a corrupted altar of Lugonu.
 61446 | Depths:1 | Found a one-way gate to the infinite horrors of the Abyss.
 61667 | Depths:2 | Identified the +10 trident of the Land of Plenty {freeze,
                  | rElec Dex+2}
 62590 | Depths:3 | Reached XP level 23. HP: 220/224 MP: 22/22
 63068 | Depths:3 | Noticed Aizul
 63086 | Depths:3 | Killed Aizul
 63357 | Depths:3 | Noticed a juggernaut
 64029 | Depths:3 | Killed a juggernaut
 64380 | Depths:4 | Found a gateway to a ziggurat.
 64381 | Depths:4 | Noticed an ancient lich
 64415 | Depths:4 | Noticed Mennas
 64429 | Depths:3 | Killed an ancient lich
 64926 | Depths:4 | Killed Mennas
 65003 | Depths:4 | Reached XP level 24. HP: 210/235 MP: 22/22
 65475 | Depths:4 | Noticed Louise
 65491 | Depths:4 | Killed Louise
 65792 | Depths:5 | Entered Level 5 of the Depths
 65856 | Depths:4 | Bought a scroll of identify for 88 gold pieces
 65858 | Depths:4 | Bought a scroll of identify for 26 gold pieces
 65858 | Depths:4 | Bought a scroll of blinking for 97 gold pieces
 65858 | Depths:4 | Bought a scroll of enchant weapon for 97 gold pieces
 65858 | Depths:4 | Bought a scroll of enchant weapon for 97 gold pieces
 65858 | Depths:4 | Bought a scroll of acquirement for 676 gold pieces
 65858 | Depths:4 | Bought a scroll of enchant weapon for 97 gold pieces
 65858 | Depths:4 | Bought 2 scrolls of identify for 52 gold pieces
 65858 | Depths:4 | Bought a scroll of enchant weapon for 97 gold pieces
 65862 | Depths:4 | Got a transparent broad axe
 65863 | Depths:4 | Identified the +11 broad axe of the Forest {flame, +Blink
                  | rF+ rC+} (You acquired it on level 4 of the Depths)
 66387 | D:10     | Bought a scroll of brand weapon for 220 gold pieces
 66613 | Lair:6   | Bought a scroll of brand weapon for 380 gold pieces
 67082 | Depths:5 | Reached skill level 10 in Axes
 67652 | Depths:5 | Found a gate to the Realm of Zot.
 68329 | Lair:6   | Bought a scroll of magic mapping for 66 gold pieces
 68794 | Zot:1    | Entered Level 1 of the Realm of Zot
 68861 | Zot:1    | Found the +7 great mace "Firestarter" {inner flame, rF++}
 68976 | Zot:1    | Reached XP level 25. HP: 245/245 MP: 22/22
 69440 | Zot:2    | Got a pair of polished boots
 69442 | Zot:2    | Identified the +1 pair of boots of Too Many Cooks {*Drain
                  | rC- rN+++ Int+2 Slay+5} (You acquired it on level 2 of the
                  | Realm of Zot)
 69480 | Zot:2    | Noticed an orb of fire
 69481 | Zot:2    | Gained mutation: You are dopey. (Int -2) [an orb of fire]
 69488 | Zot:2    | Gained mutation: You are frail. (-10% HP) [an orb of fire]
 69493 | Zot:2    | Gained mutation: You do not regenerate when monsters are
                  | visible. [an orb of fire]
 69507 | Zot:2    | Killed an orb of fire
 69626 | Zot:2    | Lost mutation: You are frail. (-10% HP) [potion of
                  | mutation]
 69626 | Zot:2    | Lost mutation: Armour fits poorly on your strangely shaped
                  | body. [potion of mutation]
 69626 | Zot:2    | Gained mutation: You are partially covered in icy blue
                  | scales. (AC +2) [potion of mutation]
 69626 | Zot:2    | Gained mutation: You are agile. (Dex +2) [potion of
                  | mutation]
 71317 | Zot:3    | Noticed an orb of fire
 71326 | Zot:3    | Gained mutation: Your system is resistant to poisons.
                  | (rPois) [an orb of fire]
 71330 | Zot:3    | Killed an orb of fire
 71633 | Zot:4    | Reached skill level 15 in Axes
 71998 | Zot:5    | Entered Level 5 of the Realm of Zot
 72074 | Zot:5    | Reached XP level 26. HP: 256/256 MP: 6/22
 72119 | Zot:5    | Noticed an ancient lich
 72122 | Zot:5    | Noticed an ancient lich
 72142 | Zot:5    | Killed an ancient lich
 72150 | Zot:5    | Killed an ancient lich
 72466 | Zot:5    | Noticed an orb of fire
 72533 | Zot:5    | Noticed an orb of fire
 72533 | Zot:5    | Noticed an orb of fire
 72540 | Zot:5    | Noticed an orb of fire
 72545 | Zot:5    | Gained mutation: You are very dopey. (Int -4) [an orb of
                  | fire]
 72549 | Zot:5    | Lost mutation: You are agile. (Dex +2) [an orb of fire]
 72554 | Zot:5    | Killed an orb of fire
 72565 | Zot:5    | Gained mutation: You occasionally shout uncontrollably at
                  | your foes. [an orb of fire]
 72571 | Zot:5    | Killed an orb of fire
 72751 | Zot:5    | Killed an orb of fire
 72949 | Zot:5    | Got the Orb of Zot
 72986 | Zot:5    | Cast into level 5 of the Abyss (a Zot trap)
 72986 | Abyss:5  | Entered Level 5 of the Abyss
 73085 | Zot:5    | Escaped the Abyss
 73148 | Zot:3    | Noticed Deifil the pandemonium lord
 73587 | D:9      | Noticed Itotzink the pandemonium lord
 73795 | D:$      | Escaped with the Orb!

Levels and vault maps discovered:
D:1:      psy_arrival_conway, layout_loops_ring, minivault_19,
          minmay_misc_feat_columns
D:2:      layout_basic, nrook_mini_vaults
D:3:      layout_rooms, uniq_ijyb
D:4:      layout_cave_pools, nicolae_ru_the_path_less_chosen
D:5:      layout_gridville, gammafunk_temple_overflow_pools, first_ration,
          basic_altar, uniq_eustachio
D:6:      layout_rooms, basic_altar, tgw_kikubaaqudgha, uniq_menkaure
D:7:      layout_basic, minmay_temple_entry_trees, uniq_crazy_yiuf_cottage
D:8:      layout_layer_cave, grunt_lair_entry_orc_guard_hut
D:9:      layout_roguey, nicolae_overflow_hidden_temple, serial_shops,
          nicolae_shop_stone, shop, shop, nicolae_shop_waterfront
D:10:     layout_basic, gammafunk_ghost_split, serial_shops, shop,
          grunt_livestock
D:11:     minmay_inside_and_out, layout_long_grid, basic_altar, serial_shops,
          nicolae_shop_trees, minmay_misc_feat_nine_boxes, st_stairs_11,
          minmay_misc_feat_rows, guppyfry_shop_venom
D:12:     layout_roguey, minmay_orc_entry_temple_small, serial_shops, shop,
          gauntlet_entry_generic, chequers_serial_rivers_marsh, nzn_random_ring,
          uniq_kirke
D:13:     layout_basic, grunt_vaults_entry_fortified
D:14:     layout_basic, minivault_14
D:15:     grunt_enter_depths_giant_problem, layout_basic, serial_park_tiny_2
Lair:1:   minmay_lair_oklob_tunnel, layout_long_grid, serial_bayou_lagoon_b
Lair:2:   layout_hall_layers, serial_bayou_pond_a
Lair:3:   layout_cave_pods, skrybe_swamp_entry_bodies,
          ebering_ghost_reflecting_pool
Lair:4:   layout_regular_city, dummy_spider_entry
Lair:5:   layout_regular_city, slime_altar_1, grunt_megastairs_4,
          serial_bayou_shore_a
Lair:6:   hangedman_lair_tendril_chambers, layout_loops_ring,
          hangedman_lair_caniforms_friends, gammafunk_ghost_cemetery
Swamp:1:  layout_basic_swamp, nicolae_swamp_very_dense_foliage
Swamp:2:  layout_basic_swamp, evilmike_swamp_ruin_house_3
Swamp:3:  layout_falls_marsh, hangedman_swamp_blocks, swamp_pool1,
          st_swamp_ruins_4
Swamp:4:  swamp_vile, layout_basic_swamp, swamp_pool1, uniq_nikola
Spider:1: layout_spider_delve, uniq_josephine
Spider:2: layout_spider_delve, gammafunk_ghost_arena, drop_trap
Spider:3: layout_spider_delve
Spider:4: grunt_spider_rune_parallel, uniq_arachne, uniq_agnes
Orc:1:    layout_caves, uniq_harold
Orc:2:    st_orc_elflike, layout_diamond_mine, serial_shops, shop, uniq_maurice
Vaults:1: nicolae_vaults_little_squares_1, vaults_room_ringed_pool,
          hangedman_vaults_impose, nicolae_vaults_quadrants, v_rooms_6,
          v_misc_28, dpeg_vaults_monster_row, v_misc_3,
          grunt_vaults_hallway_long, vaults_mumra_hexcomb, layout_vaults_omnibox
Vaults:2: v_misc_27, v_misc_5, v_rooms_1, v_pattern_2, st_octagons_1,
          hangedman_vaults_stretched_pinwheel,
          minmay_crypt_entry_simple_corners, v_misc_15,
          ontoclasm_vaults_loading_screen, nicolae_vaults_gold_heap,
          vaults_room_large_hall, vaults_mumra_minichess,
          nicolae_vaults_rhombus_5, ontoclasm_vaults_chip,
          layout_vaults_omnicross, uniq_margery, uniq_sojobo
Vaults:3: vaults_room_pool, hangedman_vaults_stitches, nicolae_vaults_network_s,
          ontoclasm_vaults_gateway, nicolae_vaults_ninety_degrees,
          hangedman_vaults_capsules, layout_vaults_chaotic_city
Vaults:4: ebering_vaults_ghost_reflecting_pool, ontoclasm_vaults_gallery,
          nicolae_vaults_asterisk, nicolae_vaults_angled_halls,
          hangedman_vaults_stagger, v_misc_25, hangedman_vaults_stream,
          v_misc_18, vaults_room_pool, grunt_vaults_hallway_short,
          vaults_dpeg_ring, layout_vaults_quadrants, serial_shops, shop
Vaults:5
Depths:1: layout_long_grid, grunt_pan_entry_spiral,
          hangedman_abyss_or_decor_stagger, hellmouth_1,
          abyss_entry_flame_altar, minmay_misc_feat_plants, tgw_xom,
          serial_bayou_shore_b
Depths:2: hangedman_elemental_death_ray, layout_basic, hell_entry,
          rand_demon_pan_entry_8, minmay_staircase_windowed_large
Depths:3: grunt_runaround [grunt_runaround_doors_1, grunt_runaround_doors_2,
          grunt_runaround_doors_3, grunt_runaround_doors_4,
          grunt_runaround_loot], hell_entry, pan_entry, uniq_aizul
Depths:4: evilmike_diamond_1, layout_long_grid, enter_ziggurat_c,
          skrybe_limestone_x, nicolae_abyss_entry_one_way_or_another,
          pf_coc_iceberg, roderic_filled_cross, uniq_mennas
Depths:5: grunt_zot_entry_gee_three, layout_cave_pools, minmay_strange_pillars,
          lightli_too_deep
Zot:1:    layout_misc_corridors
Zot:2:    layout_basic, hangedman_zot_diagonal_lockstep
Zot:3:    lemuel_draconian_sentries_small, layout_onion_interference
Zot:4:    layout_onion
Zot:5:    layout_basic

Skill      XL: |  1  2  3  4  5  6  7  8  9 10 11 12 13 14 15 16 17 18 19 20 21 22 23 24 25 26 |
---------------+-------------------------------------------------------------------------------+-----
Armour         | 4 5 6 7 8 10 11 12 13 14 15 16 17 18 19 20 21 22 23 24 25 | 25.2
Fighting       | 4 5 6 7 8 9 11 12 13 14 15 16 17 18 19 20 21 22 23 24 25 | 25.2
Shields        | 4 5 6 7 8 9 11 12 13 14 15 16 17 18 19 20 21 22 23 24 25 | 25.1
Dodging        | 1 2 3 4 5 6 8 9 10 11 12 14 15 16 17 18 19 20 21 22 23 | 23.3
Maces & Flails | 3 4 5 6 7 9 10 11 13 | 13.6
Axes           | 4 5 8 9 12 15 17 | 17.4

Action                   |  1- 3 |  4- 6 |  7- 9 | 10-12 | 13-15 | 16-18 | 19-21 | 22-24 | 25-27 || total
-------------------------+-------+-------+-------+-------+-------+-------+-------+-------+-------++-------
Melee: Flail             |    62 |    27 |       |       |       |       |       |       |       ||    89
       Headbutt          |     8 |    15 |    84 |   199 |   602 |   730 |   668 |   682 |   272 ||  3260
       Unarmed           |       |     2 |    28 |       |       |       |       |       |       ||    30
       War axe           |       |    57 |   372 |   492 |       |       |       |       |       ||   921
       Whip              |       |       |    48 |       |       |       |       |       |       ||    48
       Mace              |       |       |       |   417 |  1965 |  1661 |       |       |       ||  4043
       Broad axe         |       |       |       |       |       |   452 |   678 |   477 |   461 ||  2068
       Demon whip        |       |       |       |       |       |       |  1269 |  1365 |   243 ||  2877
Invok: Call Merchant     |       |       |       |       |     3 |     1 |     1 |     4 |       ||     9
       Potion Petition   |       |       |       |       |     1 |     3 |     1 |     1 |     1 ||     7
       Bribe Branch      |       |       |       |       |       |       |       |       |     1 ||     1
 Abil: Evoke Flight      |       |       |       |       |       |       |       |     1 |       ||     1
Evoke: Wand              |       |       |       |       |       |       |       |       |     1 ||     1
  Use: Scroll            |       |       |     1 |     1 |     6 |    28 |    18 |    25 |     7 ||    86
       Potion            |       |       |     2 |     4 |     5 |     5 |     5 |       |     4 ||    25
 Stab: Distracted        |       |       |     1 |     4 |     7 |    15 |    14 |    27 |    12 ||    80
  Eat: Chunk             |     2 |     4 |     1 |       |       |       |       |       |       ||     7
       Ration            |       |       |     5 |    11 |    13 |    14 |    13 |    10 |     6 ||    72
Armor: Scale mail        |    19 |    21 |    42 |       |       |       |       |       |       ||    82
       Chain mail        |       |       |     6 |       |       |       |       |       |       ||     6
       Plate armour      |       |       |   133 |   305 |   628 |   758 |   128 |       |       ||  1952
       Crystal plate arm |       |       |       |       |       |       |   218 |   399 |   178 ||   795
Dodge: Dodged            |    34 |    49 |   337 |   449 |   976 |  1026 |   415 |   424 |   211 ||  3921
Block: Shield            |    24 |    39 |   303 |   670 |  1802 |    17 |       |       |       ||  2855
       Reflection        |       |       |       |       |    43 |    85 |   193 |   101 |    15 ||   437
       Large shield      |       |       |       |       |       |  2825 |  1883 |  2132 |   809 ||  7649

Table legend:
 A = Non-vault XP
 B = Vault XP
 C = Vault XP percentage of total XP
 D = Non-vault monster count
 E = Vault monster count
 F = Vault count percentage of total count
                 A         B        C        D         E       F
            +---------+---------+-------+---------+---------+-------
      Total |  694960 |  737063 |  51.5 |    1368 |     758 |  35.7
            +---------+---------+-------+---------+---------+-------
        D:1 |      20 |       0 |   0.0 |      10 |       0 |   0.0
        D:2 |      32 |       0 |   0.0 |      11 |       0 |   0.0
        D:3 |     141 |      35 |  19.9 |      18 |       1 |   5.3
        D:4 |     670 |       0 |   0.0 |      24 |       0 |   0.0
        D:5 |     583 |     197 |  25.3 |      16 |       1 |   5.9
        D:6 |     310 |     169 |  35.3 |      15 |       1 |   6.2
        D:7 |    1265 |      42 |   3.2 |      28 |       1 |   3.4
        D:8 |     997 |     613 |  38.1 |      22 |       5 |  18.5
        D:9 |    1076 |       0 |   0.0 |      18 |       0 |   0.0
       D:10 |    2363 |    3550 |  60.0 |      21 |      12 |  36.4
       D:11 |    5881 |    4602 |  43.9 |      17 |      15 |  46.9
       D:12 |    5516 |    7460 |  57.5 |      44 |      26 |  37.1
       D:13 |    7917 |    8199 |  50.9 |      25 |      10 |  28.6
       D:14 |    1713 |       0 |   0.0 |      11 |       0 |   0.0
       D:15 |    9842 |    1655 |  14.4 |      31 |       1 |   3.1
     Lair:1 |    3372 |    2269 |  40.2 |      16 |       5 |  23.8
     Lair:2 |    1604 |       0 |   0.0 |       7 |       0 |   0.0
     Lair:3 |   11860 |    1436 |  10.8 |      34 |       2 |   5.6
     Lair:4 |    4950 |       0 |   0.0 |      24 |       0 |   0.0
     Lair:5 |    5227 |    2521 |  32.5 |      25 |       8 |  24.2
     Lair:6 |    7065 |   23007 |  76.5 |      27 |      90 |  76.9
    Swamp:1 |   17015 |       0 |   0.0 |      27 |       0 |   0.0
    Swamp:2 |    7717 |    1389 |  15.3 |      21 |       2 |   8.7
    Swamp:3 |   14111 |   13610 |  49.1 |      40 |      16 |  28.6
    Swamp:4 |   12812 |   14862 |  53.7 |      28 |      22 |  44.0
   Spider:1 |    5442 |    1651 |  23.3 |      15 |       4 |  21.1
   Spider:2 |   17089 |    6859 |  28.6 |      43 |      11 |  20.4
   Spider:3 |   13138 |    7178 |  35.3 |      31 |      14 |  31.1
   Spider:4 |   12378 |   23381 |  65.4 |      42 |      42 |  50.0
      Orc:1 |    1605 |     981 |  37.9 |      18 |       1 |   5.3
      Orc:2 |    6107 |    8657 |  58.6 |      56 |      24 |  30.0
   Vaults:1 |   41022 |   31953 |  43.8 |      90 |      44 |  32.8
   Vaults:2 |   31392 |   49780 |  61.3 |      52 |      52 |  50.0
   Vaults:3 |   22606 |   10228 |  31.2 |      42 |      18 |  30.0
   Vaults:4 |   42343 |  121918 |  74.2 |      64 |      79 |  55.2
   Vaults:5 |   20482 |   51465 |  71.5 |      43 |      36 |  45.6
   Depths:1 |   37658 |    1237 |   3.2 |      58 |       7 |  10.8
   Depths:2 |   25174 |    9856 |  28.1 |      27 |      17 |  38.6
   Depths:3 |    3176 |  136147 |  97.7 |      10 |     100 |  90.9
   Depths:4 |   44361 |   49819 |  52.9 |      45 |      24 |  34.8
   Depths:5 |   27565 |   33507 |  54.9 |      29 |      20 |  40.8
      Zot:1 |   58750 |       0 |   0.0 |      40 |       0 |   0.0
      Zot:2 |   66421 |       0 |   0.0 |      40 |       0 |   0.0
      Zot:3 |   34985 |       0 |   0.0 |      19 |       0 |   0.0
      Zot:4 |   27171 |       0 |   0.0 |      16 |       0 |   0.0
      Zot:5 |   27365 |  102907 |  79.0 |      21 |      29 |  58.0
    Abyss:5 |    4671 |       0 |   0.0 |       7 |       0 |   0.0
   Gauntlet |       0 |    3923 | 100.0 |       0 |      18 | 100.0
            +---------+---------+-------+---------+---------+-------
